 Dungeon Crawl Stone Soup version 0.23.2-11-gf996548 (webtiles) character file.

Game seed: 16665164827735238423

744 Fang the Skirmisher (level 7, 0/44 HPs)
             Began as a Gargoyle Berserker on June 3, 2019.
             Was a Priest of Trog.
             Slain by a killer bee (2 damage)
             ... on level 5 of the Dungeon.
             The game lasted 00:03:36 (2776 turns).

Fang the Skirmisher (Gargoyle Berserker)            Turns: 2776, Time: 00:03:36

Health: 0/44       AC: 16    Str: 23    XL:     7   Next: 76%
Magic:  7/7        EV:  8    Int:  7    God:    Trog [***...]
Gold:   142        SH:  0    Dex:  9    Spells: 6/6 levels left

rFire    . . .     SeeInvis .   o - +1 hand axe (chop)
rCold    . . .     Gourm    .   (no shield)
rNeg     + . .     Faith    .   b - -1 plate armour (curse)
rPois    ∞         Spirit   .   (no helmet)
rElec    +         Reflect  .   (no cloak)
rCorr    .         Harm     .   (no gloves)
MR       .....                  (no boots)
Stlth    ..........             p - amulet of regeneration
HPRegen  0.54/turn              s - ring of stealth
MPRegen  0.10/turn              (no ring)

@: berserk cooldown, slowed, very slow
A: negative energy resistance 1, electricity resistance, unbreathing,
petrification resistance, rot immunity, AC +4
a: Berserk, Trog's Hand, Renounce Religion


You were on level 5 of the Dungeon.
You worshipped Trog.
Trog was most pleased with you.
You were very hungry.

You visited 1 branch of the dungeon, and saw 5 of its levels.

You collected 142 gold pieces.

Inventory:

Hand Weapons
 a - a +0 hand axe
 o - a +1 hand axe of chopping (weapon)
Armour
 b - a cursed -1 plate armour (worn)
Jewellery
 d - an uncursed amulet of rage
 p - an amulet of regeneration (around neck)
 s - a ring of stealth (left hand)
Wands
 m - a wand of polymorph (6)
Scrolls
 f - 2 scrolls of magic mapping
 i - a scroll of fear
 k - 7 scrolls of identify
Potions
 e - a potion of berserk rage
 j - 2 potions of agility {unknown}
 l - a potion of curing {unknown}
 q - a potion of heal wounds {unknown}
 t - a potion of lignification {unknown}
Comestibles
 c - 5 rations


   Skills:
 + Level 5.6 Fighting
 + Level 4.6 Axes
 + Level 5.0 Armour
 + Level 3.7 Dodging


You had 6 spell levels left.
You didn't know any spells.
Your spell library was empty.

Dungeon Overview and Level Annotations

Branches:
Dungeon (5/15)
 Temple: D:4-7

Altars:
Ashenzari
Gozag
Kikubaaqudgha
Ru

Shops:
D:4 %


Innate Abilities, Weirdness & Mutations

You are resistant to torment.
Your stone body is resilient. (AC +4)
You are immune to poison.
You resist negative energy. (rN+)
You are resistant to electric shocks. (rElec)
You can survive without breathing.
You are immune to petrification.
You are immune to rotting.


Message History

The killer bee stings you.
* * * LOW HITPOINT WARNING * * *
The killer bee stings you but does no damage.
The killer bee barely misses you.
The killer bee stings you but does no damage. x2
You closely miss the killer bee.
Your plate armour prevents you from hitting the killer bee.
You barely miss the killer bee. The killer bee closely misses you. x2
The killer bee stings you.
* * * LOW HITPOINT WARNING * * *
The killer bee stings you.
* * * LOW HITPOINT WARNING * * *
The killer bee stings you but does no damage.
The killer bee stings you.
* * * LOW HITPOINT WARNING * * *
The killer bee stings you but does no damage.
The killer bee closely misses you. The killer bee stings you.
* * * LOW HITPOINT WARNING * * *
The killer bee stings you.
You die...

### ### .....#######
..#........ #.#....>..
#.. .#.....###
#.####.........
##.#...yy.......
###....##y@.......
.##..#...††..#...# # .
#..#.##...#...#. #.####.
#..#.#.......#..
#.#.#.###....##.#.#.#...
..........#####...[....#
#.#.#.##### ##....#.#.
....<..# #.......
#.#.#.## #..#...


You could see 3 killer bees.

Vanquished Creatures
  A phantom (D:4)
  2 scorpions
  3 killer bees (D:5)
  A howler monkey (D:4)
  A bullfrog skeleton (D:5)
  4 orc wizards (D:4)
  An iguana (D:5)
  A worker ant (D:4)
  Natasha (thrice) (D:2)
  2 adders
  2 worms
  2 dart slugs (D:1)
  3 leopard geckos
  6 orcs
  3 giant cockroaches
  12 goblins
  11 hobgoblins
  9 jackals
  8 kobolds
  A quokka (D:4)
  6 bats
  3 frilled lizards
  2 leopard gecko skeletons (D:4)
  A quokka skeleton (D:4)
  7 rats
95 creatures vanquished.

Notes
Turn   | Place    | Note
-------+----------+-------------------------------------------
     0 | D:1      | Fang the Gargoyle Berserker began the quest for the Orb.
     0 | D:1      | Reached XP level 1. HP: 14/14 MP: 1/1
   276 | D:1      | Reached XP level 2. HP: 16/19 MP: 2/2
   335 | D:1      | Found a shattered altar of Ashenzari.
   500 | D:1      | Reached ** piety under Trog
   526 | D:1      | Reached XP level 3. HP: 23/23 MP: 3/3
   819 | D:2      | Noticed Natasha
   825 | D:2      | Killed Natasha
   825 | D:2      | Reached XP level 4. HP: 22/29 MP: 4/4
   914 | D:2      | Noticed Natasha
   920 | D:2      | Killed Natasha
   922 | D:2      | Found an opulent altar of Gozag.
   964 | D:2      | Noticed Natasha
   972 | D:2      | Killed Natasha
   972 | D:2      | Reached XP level 5. HP: 22/33 MP: 5/5
  1422 | D:3      | Found an ancient bone altar of Kikubaaqudgha.
  1611 | D:3      | Reached *** piety under Trog
  2058 | D:4      | Found Jame's Food Emporium.
  2163 | D:4      | Reached XP level 6. HP: 38/39 MP: 6/6
  2359 | D:4      | Found a sacrificial altar of Ru.
  2421 | D:4      | Reached skill level 5 in Fighting
  2536 | D:4      | Noticed a phantom
  2571 | D:4      | Killed a phantom
  2571 | D:4      | Reached XP level 7. HP: 39/44 MP: 7/7
  2725 | D:5      | Entered Level 5 of the Dungeon
  2771 | D:5      | Reached skill level 5 in Armour
  2776 | D:5      | HP: 2/44 [killer bee (4)]
  2776 | D:5      | Slain by a killer bee

Skill      XL: |  1  2  3  4  5  6  7 |
---------------+----------------------+-----
Axes           | 3 4 |  4.6
Dodging        | 2 3 |  3.7
Armour         | 3 4 5 |  5.0
Fighting       | 4 5 |  5.6

Action                   |  1- 3 |  4- 6 |  7- 9 || total
-------------------------+-------+-------+-------++-------
Melee: Hand axe          |    96 |   213 |    27 ||   336
       Unarmed           |       |     2 |       ||     2
Invok: Berserk           |       |       |     1 ||     1
  Use: Scroll            |       |     6 |       ||     6
  Eat: Chunk             |       |     6 |       ||     6
Armor: Chain mail        |    54 |    70 |       ||   124
       Animal skin       |     2 |       |       ||     2
       Plate armour      |       |    64 |    40 ||   104
Dodge: Dodged            |    37 |    77 |    18 ||   132
